 Dungeon Crawl Stone Soup version 0.20.1-1-g8b1a95d (webtiles) character file.

190 tmwrnj the Shield-Bearer (level 5, -1/46 HPs)
             Began as a Hill Orc Fighter on Sept 22, 2017.
             Was an Initiate of Beogh.
             Slain by a worker ant (5 damage)
             ... on level 4 of the Dungeon.
             The game lasted 00:05:26 (2543 turns).

tmwrnj the Shield-Bearer (Hill Orc Fighter)         Turns: 2543, Time: 00:05:26

Health: -1/46      AC:  7    Str: 20    XL:     5   Next: 69%
Magic:  5/5        EV:  8    Int:  8    God:    Beogh [......]
Gold:   111        SH:  9    Dex: 10    Spells: 4/4 levels left

rFire    . . .     SeeInvis .   a - +0 flail
rCold    . . .     Gourm    .   c - +0 shield
rNeg     . . .     Faith    .   b - +0 scale mail
rPois    +         Spirit   .   (no helmet)
rElec    .         Reflect  .   (no cloak)
rCorr    .         Harm     .   (no gloves)
MR       .....                  (no boots)
Stlth    ..........             (no amulet)
Regen    0.2/turn               (no ring)
MPRegen  0.1/turn               (no ring)

@: lethally poisoned (-1 -> -5)
A: sense surroundings 1, poison resistance
a: Renounce Religion


You were on level 4 of the Dungeon.
You worshipped Beogh.
Beogh was noncommittal.
You were not hungry.

You visited 1 branch of the dungeon, and saw 4 of its levels.

You collected 111 gold pieces.

Inventory:

Hand Weapons
 a - a +0 flail (weapon)
Armour
 b - a +0 scale mail (worn)
 c - a +0 shield (worn)
Jewellery
 g - an uncursed ring of protection from fire {unknown}
 s - an uncursed ring of poison resistance {unknown}
Wands
 m - a wand of random effects (21/48)
Scrolls
 e - 3 scrolls of fog {unknown}
 i - a scroll of teleportation {unknown}
 n - 3 scrolls of identify {unknown}
 q - 3 scrolls of enchant weapon {unknown}
 t - a scroll of noise {unknown}
Potions
 d - 2 potions of might
 h - a potion of brilliance {unknown}
 k - 2 potions of mutation
 l - a potion of magic {unknown}
 o - a potion of lignification {unknown}
 p - 2 potions of resistance {unknown}
 r - a potion of agility {unknown}
Comestibles
 f - 2 bread rations
 j - 2 meat rations


   Skills:
 + Level 4.2 Fighting
 + Level 3.9 Maces & Flails
 + Level 4.0 Armour
 + Level 0.8 Dodging
 + Level 4.7 Shields


You had 4 spell levels left.
You didn't know any spells.

Dungeon Overview and Level Annotations

Branches:
Dungeon (4/15)
 Temple: D:4-7

Altars:

Annotations:
D:3 Sigmund


Innate Abilities, Weirdness & Mutations

You passively map a small area around you.
Your system is resistant to poisons. (rPois)


Message History

You feel sick. x3
You are no longer poisoned.
You start resting.
A worker ant comes into view.
The worker ant twitches its antennae in your direction.
You block the worker ant's attack.
You barely miss the worker ant. You block the worker ant's attack.
You hit the worker ant but do no damage.
The worker ant bites you.
* * * LOW HITPOINT WARNING * * *
The worker ant bites you.
* * * LOW HITPOINT WARNING * * *
You are lethally poisoned!
The worker ant poisons you!
It was a potion of mutation.
You feel extremely strange.
You feel a strange attunement to the structure of the dungeons.
You feel resistant to poisons.
* * * LOW HITPOINT WARNING * * *
You feel sick. The worker ant bites you.
You die...

, , * , ,... * .. * ,
,.. , , , , , ######.,,
* ........ * ........##
...?... * ........a#
#..........# .....[.#@#
#........... ,
,.......#.# ...........
*
......%#.####........(.
#../..#†..#...........
* *#...##.#..........!
≈, *
###..S.)..$........
#..................
#...o....<<.......#
#.....#o.........##


You could see a worker ant.

Vanquished Creatures
  A scorpion (D:4)
  Jessica (D:1)
  Natasha (D:1)
  A worker ant (D:4)
  3 adders
  2 worms
  3 dart slugs
  4 leopard geckos
  6 goblins
  9 hobgoblins
  8 jackals
  4 kobolds
  3 bats
  4 frilled lizards
  4 rats
  4 bushes (D:1)
  4 plants (D:1)
  4 toadstools (D:1)
66 creatures vanquished.

Vanquished Creatures (others)
  An orc (D:4)
  2 giant cockroaches (D:4)
3 creatures vanquished.

Grand Total: 69 creatures vanquished

Notes
Turn   | Place    | Note
-------+----------+-------------------------------------------
     0 | D:1      | tmwrnj the Hill Orc Fighter began the quest for the Orb.
     0 | D:1      | Reached XP level 1. HP: 19/19 MP: 1/1
   585 | D:1      | Reached XP level 2. HP: 16/27 MP: 2/2
  1034 | D:1      | Reached XP level 3. HP: 29/33 MP: 3/3
  1326 | D:2      | Noticed Jessica
  1375 | D:1      | Killed Jessica
  1375 | D:1      | Reached XP level 4. HP: 32/40 MP: 4/4
  1917 | D:2      | Noticed Natasha
  1935 | D:1      | Killed Natasha
  1935 | D:1      | Reached XP level 5. HP: 12/46 MP: 5/5
  2480 | D:3      | Noticed Sigmund
  2491 | D:4      | Became a worshipper of Beogh the Brigand
  2543 | D:4      | Gained mutation: You passively map a small area around you. [potion of mutation]
  2543 | D:4      | Gained mutation: Your system is resistant to poisons. (rPois) [potion of mutation]
  2543 | D:4      | Slain by a worker ant

Skill      XL: |  1  2  3  4  5 |
---------------+----------------+-----
Shields        | 4 |  4.7
Maces & Flails | 3 |  3.9
Fighting       | 4 |  4.2
Armour         | 4 |  4.0
Dodging        | |  0.8

Action                   |  1- 3 |  4- 6 || total
-------------------------+-------+-------++-------
Melee: Flail             |   463 |   110 ||   573
Invok: Convert to Beogh  |       |     1 ||     1
  Use: Potion            |       |     1 ||     1
  Eat: Chunk             |     3 |     4 ||     7
Armor: Scale mail        |    52 |    53 ||   105
Dodge: Dodged            |    51 |    29 ||    80
Block: Shield            |    79 |    68 ||   147
